| TOP OF THE 1ST |
|
Lexington Legends batting - Pitching for West Michigan Whitecaps : RHP Jared Barger
|
|
Pitching: RHP Jared Barger
|
|
|
Batting: RHB Kevin Wimberly
|
0-0: Called Strike 0-1: Called Strike 0-2: Strikes out swinging
|
|
Batting: RHB Chad Sullivan
|
0-0: Called Strike 0-1: Bunt missed! 0-2: TRIPLE (Line Drive, 9D, EV 95.0 MPH)
|
|
Batting: RHB Nick Julien
|
0-0: Foul Ball, location: 2F 0-1: 2-RUN HOME RUN (Flyball, 9D, EV 98.8 MPH), Distance : 382 ft
|
|
Batting: SHB Bill Ertl
|
0-0: Ball 1-0: Ball 2-0: Foul Ball, location: 2F 2-1: Swinging Strike 2-2: Ball 3-2: Strikes out swinging
|
|
Batting: LHB Bobby Gonzalez
|
0-0: Ball 1-0: Called Strike 1-1: Ball 2-1: Ball 3-1: Foul Ball, location: 2F 3-2: Strikes out swinging
|
| Top of the 1st over - 2 runs, 2 hits, 0 errors, 0 left on base; Lexington 2 - West Michigan 0 |
| BOTTOM OF THE 1ST |
|
West Michigan Whitecaps batting - Pitching for Lexington Legends : RHP Tony Jimenez
|
|
Pitching: RHP Tony Jimenez
|
|
|
Batting: SHB Willie Medina
|
0-0: Ball 1-0: Ground out 3-1 (Groundball, 34S, EV 85.6 MPH)
|
|
Batting: LHB George Moran
|
0-0: Foul Ball, location: 2F 0-1: Ball 1-1: Foul Ball, location: 2F 1-2: Ball 2-2: Ball 3-2: SINGLE (Line Drive, 6D, EV 100.6 MPH)
|
|
Batting: LHB Dave Carlisle
|
0-0: Ball George Moran is caught stealing 2nd base 2-6 1-0: Ball 2-0: Ball 3-0: Base on Balls
|
|
Batting: LHB Jamie Christian
|
0-0: Ball 1-0: SINGLE (Line Drive, 9S, EV 103.8 MPH) Dave Carlisle to second
|
|
Batting: RHB Jon Goldstein
|
0-0: Swinging Strike 0-1: Foul Ball, location: 2F 0-2: Fly out, F7 (Flyball, 78D, EV 92.5 MPH)
|
| Bottom of the 1st over - 0 runs, 2 hits, 0 errors, 2 left on base; Lexington 2 - West Michigan 0 |
| TOP OF THE 2ND |
|
Lexington Legends batting - Pitching for West Michigan Whitecaps : RHP Jared Barger
|
|
Batting: RHB Nate De Jongh
|
0-0: Ball 1-0: Swinging Strike 1-1: Ground out 5-3 (Groundball, 5, EV 83.8 MPH)
|
|
Batting: LHB Josh Dalton
|
0-0: Ball 1-0: Called Strike 1-1: Ball 2-1: Foul Ball, location: 2F 2-2: Ground out 5-3 (Groundball, 56, EV 88.1 MPH)
|
|
Batting: LHB Danny Pacheco
|
0-0: Foul Ball, location: 2F 0-1: Ball 1-1: Foul Ball, location: 2F 1-2: Fly out, F7 (Flyball, 7, EV 91.2 MPH)
|
| Top of the 2nd over - 0 runs, 0 hits, 0 errors, 0 left on base; Lexington 2 - West Michigan 0 |
| BOTTOM OF THE 2ND |
|
West Michigan Whitecaps batting - Pitching for Lexington Legends : RHP Tony Jimenez
|
|
Batting: LHB Brad Gaskill
|
0-0: Foul Ball, location: 2F 0-1: Foul Ball, location: 2F 0-2: Strikes out swinging
|
|
Pitching: LHP Tyler Abraham
|
|
|
Batting: RHB Scott Carr
|
0-0: Called Strike 0-1: Foul Ball, location: 2F 0-2: Ball 1-2: Ball 2-2: SINGLE (Groundball, 56, EV 105.6 MPH)
|
|
Batting: RHB German Quiroga
|
0-0: SINGLE (Groundball, 6MS, EV 66.9 MPH) (infield hit) Scott Carr to second
|
|
Batting: LHB Steve Herrera
|
0-0: Ball 1-0: Ball 2-0: Called Strike 2-1: Ball 3-1: SINGLE (Groundball, 6MD, EV 106.9 MPH) Scott Carr to third German Quiroga to second Runner from 3rd tries for Home, SAFE, throw by CF to home
|
|
Batting: SHB Willie Medina
|
0-0: Ball Wild Pitch! German Quiroga to third Steve Herrera to second 1-0: Ball 2-0: Ball 3-0: Called Strike 3-1: SINGLE (Groundball, 25, EV 62.5 MPH) (infield hit)
|
|
Batting: LHB George Moran
|
0-0: Ball 1-0: Ball 2-0: Foul Ball, location: 2F 2-1: Swinging Strike 2-2: Strikes out looking
|
|
Pitching: RHP Kolenka Leschenya
|
|
|
Batting: LHB Dave Carlisle
|
0-0: Called Strike 0-1: Ball 1-1: Swinging Strike 1-2: Ball 2-2: SINGLE (Groundball, 4S, EV 66.2 MPH) (infield hit) German Quiroga scores Steve Herrera to third Willie Medina to second
|
|
Batting: LHB Jamie Christian
|
0-0: Foul Ball, location: 2F 0-1: SINGLE (Line Drive, 89S, EV 105.6 MPH) Steve Herrera scores Willie Medina to third Dave Carlisle to second Runner from 3rd tries for Home, SAFE, throw by RF to trailing runner, OUT at third! 9-3-5
|
| Bottom of the 2nd over - 4 runs, 6 hits, 0 errors, 1 left on base; Lexington 2 - West Michigan 4 |
| TOP OF THE 3RD |
|
Lexington Legends batting - Pitching for West Michigan Whitecaps : RHP Jared Barger
|
|
Batting: RHB Vance Coen
|
0-0: Foul Ball, location: 2F 0-1: Foul Ball, location: 2F 0-2: Strikes out swinging
|
|
Batting: RHB Kevin Wimberly
|
0-0: Ball 1-0: Foul Ball, location: 2F 1-1: Ball 2-1: DOUBLE (Groundball, 5L, EV 100.6 MPH)
|
|
Batting: RHB Chad Sullivan
|
0-0: Called Strike 0-1: Ball 1-1: Ball 2-1: Ground out 5-3 (Groundball, 56, EV 86.9 MPH)
|
|
Batting: RHB Nick Julien
|
0-0: Foul Ball, location: 2F 0-1: Called Strike 0-2: SINGLE (Flyball, 34D, EV 94.4 MPH) Kevin Wimberly to third Runner from 3rd tries for Home, SAFE, throw by RF to home
|
|
Batting: SHB Bill Ertl
|
0-0: Called Strike 0-1: Foul Ball, location: 2F 0-2: SINGLE (Groundball, 25, EV 71.2 MPH) (infield hit) Nick Julien to second
|
|
Batting: LHB Bobby Gonzalez
|
0-0: Ball 1-0: Ball 2-0: Called Strike 2-1: Foul Ball, location: 2F 2-2: SINGLE (Line Drive, 3D, EV 98.8 MPH) Nick Julien to third Bill Ertl to second
|
|
Batting: RHB Nate De Jongh
|
0-0: Called Strike 0-1: Fly out, F8 (Line Drive, 89M, EV 108.1 MPH)
|
| Top of the 3rd over - 1 run, 4 hits, 0 errors, 3 left on base; Lexington 3 - West Michigan 4 |
| BOTTOM OF THE 3RD |
|
West Michigan Whitecaps batting - Pitching for Lexington Legends : RHP Kolenka Leschenya
|
|
Batting: RHB Jon Goldstein
|
0-0: Swinging Strike 0-1: Ball 1-1: Ball 2-1: Ball 3-1: Foul Ball, location: 2F 3-2: Foul Ball, location: 2F 3-2: DOUBLE (Flyball, 8RXD, EV 93.8 MPH)
|
|
Batting: LHB Brad Gaskill
|
0-0: Ball 1-0: Ground out U3 (Groundball, 3, EV 78.8 MPH) Jon Goldstein to third
|
|
Batting: RHB Scott Carr
|
0-0: Ball 1-0: Ball 2-0: Foul Ball, location: 2F 2-1: Ball 3-1: Base on Balls
|
|
Pitching: RHP Greg Sell
|
|
|
Batting: RHB German Quiroga
|
0-0: Called Strike 0-1: Foul Ball, location: 2F 0-2: Ball 1-2: Ball 2-2: Ball 3-2: Base on Balls Scott Carr to second
|
|
Batting: LHB Steve Herrera
|
0-0: Foul Ball, location: 2F 0-1: Reached on error, E6 (Groundball, 6M, EV 96.9 MPH) Jon Goldstein scores Scott Carr to third German Quiroga to second
|
|
Batting: SHB Willie Medina
|
0-0: Ball 1-0: Called Strike 1-1: Foul Ball, location: 2F 1-2: Ball 2-2: Strikes out swinging
|
|
Batting: LHB George Moran
|
0-0: Called Strike 0-1: Ball 1-1: Called Strike 1-2: Ball 2-2: Strikes out swinging
|
| Bottom of the 3rd over - 1 run, 1 hit, 1 error, 3 left on base; Lexington 3 - West Michigan 5 |
| TOP OF THE 4TH |
|
Lexington Legends batting - Pitching for West Michigan Whitecaps : RHP Jared Barger
|
|
Batting: LHB Josh Dalton
|
0-0: Ball 1-0: Swinging Strike 1-1: Foul Ball, location: 2F 1-2: Foul Ball, location: 2F 1-2: Ball 2-2: Ground out 5-3 (Groundball, 5L, EV 82.5 MPH)
|
|
Batting: LHB Danny Pacheco
|
0-0: Foul Ball, location: 2F 0-1: Ball 1-1: Foul Ball, location: 2F 1-2: SINGLE (Groundball, 4MD, EV 94.4 MPH)
|
|
Batting: RHB Vance Coen
|
0-0: Ball 1-0: Foul Ball, location: 2F 1-1: Fielders Choice at 2nd, 4-6 (Groundball, 4, EV 88.1 MPH)
|
|
Batting: RHB Kevin Wimberly
|
0-0: Foul Ball, location: 2F 0-1: Foul Ball, location: 2F 0-2: Foul Ball, location: 2F 0-2: Foul Ball, location: 2F 0-2: Ball 1-2: Ball 2-2: Fly out, F8 (Flyball, 8RXD, EV 105.0 MPH)
|
| Top of the 4th over - 0 runs, 1 hit, 0 errors, 1 left on base; Lexington 3 - West Michigan 5 |
| BOTTOM OF THE 4TH |
|
West Michigan Whitecaps batting - Pitching for Lexington Legends : RHP Greg Sell
|
|
Pitching: RHP Luis Diaz
|
|
|
Batting: LHB Dave Carlisle
|
0-0: Called Strike 0-1: Fly out, F7 (Flyball, 78M, EV 88.8 MPH)
|
|
Batting: LHB Jamie Christian
|
0-0: Called Strike 0-1: Called Strike 0-2: Ball 1-2: Ball 2-2: Ground out 6-3 (Groundball, 6S, EV 88.8 MPH)
|
|
Batting: RHB Jon Goldstein
|
0-0: Swinging Strike 0-1: Ball 1-1: Ball 2-1: Ball 3-1: Base on Balls
|
|
Batting: LHB Brad Gaskill
|
0-0: Called Strike Jon Goldstein steals 2nd base 0-1: Ball 1-1: Called Strike 1-2: Foul Ball, location: 2F 1-2: Ball 2-2: Strikes out swinging
|
| Bottom of the 4th over - 0 runs, 0 hits, 0 errors, 1 left on base; Lexington 3 - West Michigan 5 |
| TOP OF THE 5TH |
|
Lexington Legends batting - Pitching for West Michigan Whitecaps : RHP Jared Barger
|
|
Batting: RHB Chad Sullivan
|
0-0: Called Strike 0-1: Foul Ball, location: 2F 0-2: Strikes out swinging
|
|
Batting: RHB Nick Julien
|
0-0: Swinging Strike 0-1: Swinging Strike 0-2: Strikes out looking
|
|
Batting: SHB Bill Ertl
|
0-0: Ball 1-0: Ball 2-0: Ball 3-0: Base on Balls
|
|
Batting: LHB Bobby Gonzalez
|
0-0: 2-RUN HOME RUN (Flyball, 7LD, EV 97.5 MPH), Distance : 352 ft
|
|
Pitching: RHP Matt Sturge
|
|
|
Batting: RHB Nate De Jongh
|
0-0: Called Strike 0-1: Ball 1-1: Swinging Strike 1-2: Ball 2-2: Foul Ball, location: 2F 2-2: Foul Ball, location: 2F 2-2: Foul Ball, location: 2F 2-2: Ball 3-2: Strikes out swinging
|
| Top of the 5th over - 2 runs, 1 hit, 0 errors, 0 left on base; Lexington 5 - West Michigan 5 |
| BOTTOM OF THE 5TH |
|
West Michigan Whitecaps batting - Pitching for Lexington Legends : RHP Luis Diaz
|
|
Pitching: RHP Gary Ackerman
|
|
|
Batting: RHB Scott Carr
|
0-0: Ball 1-0: Swinging Strike 1-1: Ball 2-1: Ball 3-1: Foul Ball, location: 2F 3-2: Base on Balls
|
|
Batting: RHB German Quiroga
|
0-0: Foul Ball, location: 2F 0-1: Ball 1-1: Foul Ball, location: 2F 1-2: Strikes out swinging
|
|
Batting: LHB Steve Herrera
|
0-0: Ball 1-0: SINGLE (Line Drive, 56, EV 95.0 MPH) Scott Carr to second
|
|
Batting: SHB Willie Medina
|
0-0: Called Strike 0-1: Foul Ball, location: 2F 0-2: Ball 1-2: Foul Ball, location: 2F 1-2: Ball 2-2: Foul Ball, location: 2F 2-2: Fly out, F9 (Flyball, 9, EV 83.8 MPH)
|
|
Pitching: LHP Butch Ott
|
|
|
Batting: LHB George Moran
|
0-0: Ball 1-0: Ball 2-0: Ball 3-0: Base on Balls Scott Carr to third Steve Herrera to second
|
|
Batting: LHB Dave Carlisle
|
0-0: Ball 1-0: Called Strike 1-1: SINGLE (Flyball, 34D, EV 98.8 MPH) Scott Carr scores Steve Herrera to third George Moran to second Runner from 3rd tries for Home, SAFE, throw by RF to home
|
|
Batting: LHB Jamie Christian
|
0-0: Ball 1-0: Ball 2-0: Foul Ball, location: 2F 2-1: Ball 3-1: Foul Ball, location: 2F 3-2: Strikes out swinging
|
| Bottom of the 5th over - 2 runs, 2 hits, 0 errors, 2 left on base; Lexington 5 - West Michigan 7 |
| TOP OF THE 6TH |
|
Lexington Legends batting - Pitching for West Michigan Whitecaps : RHP Matt Sturge
|
|
Batting: LHB Josh Dalton
|
0-0: Ball 1-0: Foul Ball, location: 2F 1-1: Ball 2-1: Swinging Strike 2-2: Strikes out swinging
|
|
Batting: LHB Danny Pacheco
|
0-0: Ball 1-0: Called Strike 1-1: SINGLE (Groundball, 34D, EV 95.6 MPH)
|
|
Batting: RHB Vance Coen
|
0-0: Called Strike 0-1: Ball 1-1: Called Strike 1-2: Strikes out looking
|
|
Batting: RHB Kevin Wimberly
|
0-0: Foul Ball, location: 2F 0-1: Ball 1-1: Fly out, F7 (Line Drive, 7, EV 93.1 MPH)
|
| Top of the 6th over - 0 runs, 1 hit, 0 errors, 1 left on base; Lexington 5 - West Michigan 7 |
| BOTTOM OF THE 6TH |
|
West Michigan Whitecaps batting - Pitching for Lexington Legends : LHP Butch Ott
|
|
Batting: RHB Jon Goldstein
|
0-0: Ball 1-0: Called Strike 1-1: SINGLE (Groundball, 5D, EV 94.4 MPH)
|
|
Batting: LHB Brad Gaskill
|
0-0: Called Strike Jon Goldstein steals 2nd base 0-1: Ball 1-1: Ball 2-1: SINGLE (Line Drive, 7S, EV 110.6 MPH) Jon Goldstein to third
|
|
Pitching: RHP Ian Current
|
|
|
Batting: RHB Scott Carr
|
0-0: Ball 1-0: SINGLE (Line Drive, 8RS, EV 105.0 MPH) Jon Goldstein scores Brad Gaskill to second
|
|
Batting: RHB German Quiroga
|
0-0: Swinging Strike Passed Ball! Brad Gaskill to third Scott Carr to second 0-1: Foul Ball, location: 2F 0-2: Strikes out swinging
|
|
Batting: LHB Steve Herrera
|
0-0: SINGLE (Line Drive, 8LS, EV 93.1 MPH) Brad Gaskill scores Scott Carr to third
|
|
Batting: SHB Willie Medina
|
0-0: Called Strike 0-1: Ball 1-1: Ball 2-1: 3-RUN HOME RUN (Flyball, 7LD, EV 98.8 MPH), Distance : 353 ft
|
|
Batting: LHB George Moran
|
0-0: SOLO HOME RUN (Flyball, 9D, EV 97.5 MPH), Distance : 375 ft
|
|
Batting: LHB Dave Carlisle
|
0-0: Foul Ball, location: 2F 0-1: Ball 1-1: Ball 2-1: Foul Ball, location: 2F 2-2: Ball 3-2: SOLO HOME RUN (Flyball, 9LD, EV 95.6 MPH), Distance : 350 ft
|
|
Batting: LHB Jamie Christian
|
0-0: Ball 1-0: Called Strike 1-1: Called Strike 1-2: Foul Ball, location: 2F 1-2: Strikes out swinging
|
|
Batting: RHB Jon Goldstein
|
0-0: Ball 1-0: Foul Ball, location: 2F 1-1: Called Strike 1-2: Foul Ball, location: 2F 1-2: Foul Ball, location: 2F 1-2: Fly out, F7 (Line Drive, 7, EV 90.6 MPH)
|
| Bottom of the 6th over - 7 runs, 7 hits, 0 errors, 0 left on base; Lexington 5 - West Michigan 14 |
| TOP OF THE 7TH |
|
Lexington Legends batting - Pitching for West Michigan Whitecaps : RHP Matt Sturge
|
|
Pinch Hitting: RHB Carlos Santoni
|
0-0: Called Strike 0-1: Called Strike 0-2: Ball 1-2: Ball 2-2: Strikes out looking
|
|
Pinch Hitting: RHB Jon Shonka
|
0-0: Ground out 4-3 (Groundball, 4S, EV 81.2 MPH)
|
|
Batting: SHB Bill Ertl
|
0-0: SINGLE (Groundball, 34D, EV 96.9 MPH)
|
|
Pinch Hitting: SHB Adrian Orosco
|
0-0: Foul Ball, location: 2F 0-1: Ball 1-1: Ground out U3 (Groundball, 3, EV 105.0 MPH)
|
| Top of the 7th over - 0 runs, 1 hit, 0 errors, 1 left on base; Lexington 5 - West Michigan 14 |
| BOTTOM OF THE 7TH |
|
West Michigan Whitecaps batting - Pitching for Lexington Legends : RHP Ian Current
|
|
Now at 1B: Jon Shonka
|
|
|
Now at 2B: Carlos Santoni
|
|
|
Now at SS: Bill Ertl
|
|
|
Now in CF: Justin Goff
|
|
|
Now in RF: Kevin Wimberly
|
|
|
Pinch Hitting: LHB Jon Pedlar
|
0-0: SINGLE (Flyball, 89S, EV 90.0 MPH) - OUT at second base trying to stretch hit.
|
|
Batting: RHB Scott Carr
|
0-0: Swinging Strike 0-1: Swinging Strike 0-2: Strikes out swinging
|
|
Batting: RHB German Quiroga
|
0-0: Ball 1-0: SINGLE (Groundball, 4MD, EV 97.5 MPH)
|
|
Batting: LHB Steve Herrera
|
0-0: Swinging Strike 0-1: Swinging Strike 0-2: Ball 1-2: Ball 2-2: Fly out, F4 (Popup, 4, EV 51.9 MPH)
|
| Bottom of the 7th over - 0 runs, 2 hits, 0 errors, 1 left on base; Lexington 5 - West Michigan 14 |
| TOP OF THE 8TH |
|
Lexington Legends batting - Pitching for West Michigan Whitecaps : RHP Matt Sturge
|
|
Now at 1B: Jon Pedlar
|
|
|
Batting: RHB Nate De Jongh
|
0-0: Foul Ball, location: 2F 0-1: Foul Ball, location: 2F 0-2: Ball 1-2: SINGLE (Groundball, 4MD, EV 104.4 MPH)
|
|
Batting: LHB Josh Dalton
|
0-0: Called Strike 0-1: Ball 1-1: Called Strike 1-2: Ball 2-2: Ball 3-2: SINGLE (Groundball, 34D, EV 108.8 MPH) Nate De Jongh to second Runner from 2nd tries for 3rd, SAFE, no throw by RF
|
|
Pitching: LHP Jesse Turner
|
|
|
Batting: LHB Danny Pacheco
|
0-0: Ball 1-0: Called Strike 1-1: Called Strike 1-2: Fielders Choice at 2nd, 1-6 (Groundball, 13S, EV 63.1 MPH)
|
|
Batting: RHB Vance Coen
|
0-0: Ball 1-0: Called Strike 1-1: Foul Ball, location: 2F 1-2: SINGLE (Flyball, 78S, EV 83.8 MPH) Nate De Jongh scores Danny Pacheco to second
|
|
Batting: RHB Kevin Wimberly
|
0-0: Reached on error, E4 (Groundball, 4, EV 88.8 MPH) Danny Pacheco to third Vance Coen to second
|
|
Batting: RHB Carlos Santoni
|
0-0: Called Strike 0-1: Foul Ball, location: 2F 0-2: Ground out 4-3 (Groundball, 34D, EV 106.2 MPH) Danny Pacheco scores Vance Coen to third Kevin Wimberly to second
|
|
Batting: RHB Jon Shonka
|
0-0: Called Strike 0-1: Foul Ball, location: 2F 0-2: Strikes out swinging
|
| Top of the 8th over - 2 runs, 3 hits, 1 error, 2 left on base; Lexington 7 - West Michigan 14 |
| BOTTOM OF THE 8TH |
|
West Michigan Whitecaps batting - Pitching for Lexington Legends : RHP Ian Current
|
|
Batting: SHB Willie Medina
|
0-0: SINGLE (Groundball, 34D, EV 103.1 MPH) (infield hit)
|
|
Batting: LHB George Moran
|
0-0: Ball Willie Medina steals 2nd base 1-0: Ball 2-0: SINGLE (Groundball, 4MD, EV 97.5 MPH) (infield hit) Willie Medina to third
|
|
Pinch Hitting: RHB Yaremka Rzhevsky
|
0-0: Ball George Moran steals 2nd, throwing error, E2 Willie Medina scores George Moran to third 1-0: Fly out, F3 (Popup, 3S, EV 73.1 MPH)
|
|
Batting: LHB Jamie Christian
|
0-0: Ball 1-0: Ball 2-0: Ball 3-0: Called Strike 3-1: Base on Balls
|
|
Batting: RHB Jon Goldstein
|
0-0: Ball 1-0: SINGLE (Groundball, 6S, EV 99.4 MPH) George Moran scores Jamie Christian to second
|
|
Batting: LHB Jon Pedlar
|
0-0: SINGLE (Line Drive, 6D, EV 100.0 MPH) Jamie Christian to third Jon Goldstein to second
|
|
Batting: RHB Scott Carr
|
0-0: Ball Passed Ball! Jamie Christian scores Jon Goldstein to third Jon Pedlar to second 1-0: Ball 2-0: Ball 3-0: Base on Balls
|
|
Batting: RHB German Quiroga
|
0-0: Fly out, F8 (Flyball, 8LD, EV 93.8 MPH) Runner from 3rd tags up, SCORES, no throw by CF
|
|
Batting: LHB Steve Herrera
|
0-0: Called Strike 0-1: Foul Ball, location: 2F 0-2: Strikes out swinging
|
| Bottom of the 8th over - 4 runs, 4 hits, 1 error, 2 left on base; Lexington 7 - West Michigan 18 |
| TOP OF THE 9TH |
|
Lexington Legends batting - Pitching for West Michigan Whitecaps : LHP Jesse Turner
|
|
Now at SS: Yaremka Rzhevsky
|
|
|
Batting: SHB Bill Ertl
|
0-0: Ball 1-0: Ball 2-0: Called Strike 2-1: Called Strike 2-2: Foul Ball, location: 2F 2-2: Ball 3-2: Ground out 6-3 (Groundball, 6M, EV 101.2 MPH)
|
|
Pitching: LHP Chris Thomas
|
|
|
Batting: RHB Justin Goff
|
0-0: Called Strike 0-1: Foul Ball, location: 2F 0-2: Ball 1-2: Ball 2-2: Strikes out looking
|
|
Batting: RHB Nate De Jongh
|
0-0: Ball 1-0: Called Strike 1-1: Ball 2-1: Fly out, F8 (Flyball, 8RS, EV 65.6 MPH)
|
| Top of the 9th over - 0 runs, 0 hits, 0 errors, 0 left on base; Lexington 7 - West Michigan 18 |
|